 Dungeon Crawl Stone Soup version 0.22-a0-430-g6609fc6 (webtiles) character file.

862 Jynxie the Destroyer (level 7, 0/75 HPs)
             Began as a Demigod Conjurer on May 26, 2018.
             Slain by Slunt's ghost (6 damage)
             ... on level 5 of the Dungeon.
             The game lasted 00:24:45 (5733 turns).

Jynxie the Destroyer (Demigod Conjurer)             Turns: 5733, Time: 00:24:47

Health: 0/75       AC: 23    Str:  8 (11) XL:     7   Next: 43%
Magic:  0/12       EV:  2    Int: 20 (23) God:
Gold:   141        SH:  0    Dex: 14 (16) Spells: 2/9 levels left

rFire    . . .     SeeInvis .   b - +0 dagger
rCold    . . .     Gourm    +   (no shield)
rNeg     + + +     Faith    .   (armour currently unavailable)
rPois    +         Spirit   .   (helmet currently unavailable)
rElec    .         Reflect  .   (cloak currently unavailable)
rCorr    +         Harm     .   (gloves currently unavailable)
MR       .....     NoTele   +   (boots currently unavailable)
Stlth    +++.......             p - amulet of the gourmand
HPRegen  0.22/turn              j - ring of resist corrosion
MPRegen  0.13/turn              l - ring of stealth

@: tree-form
A: high mp 1
a: no special abilities


You were on level 5 of the Dungeon.
You were very full.
You were a tree.
You visited 1 branch of the dungeon, and saw 5 of its levels.

You collected 141 gold pieces.

Inventory:

Hand Weapons
 b - a +0 dagger (weapon)
   (You took it off a kobold on level 1 of the Dungeon)
 q - a +0 quarterstaff
   (You found it on level 4 of the Dungeon)
Armour
 a - a +1 robe (melded)
 s - a +2 pair of boots (melded)
   (You found it on level 5 of the Dungeon)
Jewellery
 d - an uncursed ring of fire
   (You found it on level 1 of the Dungeon)
 j - a ring of resist corrosion (left branch)
   (You found it on level 4 of the Dungeon)
 l - a ring of stealth (right branch)
   (You found it on level 3 of the Dungeon)
 p - an amulet of the gourmand (around neck)
   (You found it on level 3 of the Dungeon)
Wands
 m - a wand of scattershot (6)
   (You found it on level 2 of the Dungeon)
 t - a wand of flame (6)
   (You found it on level 2 of the Dungeon)
 v - a wand of digging (11)
   (You found it on level 3 of the Dungeon)
Scrolls
 c - a scroll of amnesia
 g - 3 scrolls of remove curse {@r2}
 i - 2 scrolls of teleportation {@r4}
 o - a scroll of enchant armour
Potions
 f - a potion of cancellation
Comestibles
 e - 5 rations {!d}


   Skills:
 - Level 1.7 Dodging
 - Level 1.7 Stealth
 - Level 1.7 Spellcasting
 - Level 8.0 Conjurations
 * Level 3.4 Hexes


You had 2 spell levels left.
You knew the following spells:

 Your Spells              Type           Power        Failure   Level  Hunger
a - Magic Dart            Conj           ####         1%          1    #......
b - Searing Ray           Conj           ####..       1%          2    ###....
c - Fulminant Prism       Conj/Hex       ###.......   16%         4    #####..

Your spell library contained the following spells:

 Spells                   Type           Power        Failure   Level  Hunger
 Iskenderun's Mystic Bla  Conj           ####....     6%          4    #####..
 Dazzling Spray           Conj/Hex       ###...       4%          3    ###....
 Force Lance              Conj/Tloc      ###.....     30%         4    #####..


Dungeon Overview and Level Annotations

Branches:
Dungeon (5/15)             Temple (0/1) D:5

Annotations:
D:5 Slunt's ghost, novice OgCK


Innate Abilities, Weirdness & Mutations

You have an increased reservoir of magic. (+10% MP)


Message History

Okay, then.
You hit Slunt's ghost but do no damage.
Slunt's ghost hits you but does no damage.
You are electrocuted!
You closely miss Slunt's ghost. Slunt's ghost hits you.
You hit Slunt's ghost but do no damage. Slunt's ghost completely misses you.
You hit Slunt's ghost but do no damage.
Slunt's ghost hits you but does no damage.
You closely miss Slunt's ghost. Slunt's ghost hits you.
You hit Slunt's ghost. Slunt's ghost hits you.
You closely miss Slunt's ghost. Slunt's ghost hits you!
You are electrocuted!
* * * LOW HITPOINT WARNING * * *
You hit Slunt's ghost.
Slunt's ghost hits you but does no damage.
Unknown command.
You hit Slunt's ghost but do no damage.
Slunt's ghost hits you but does no damage.
You are electrocuted!
* * * LOW HITPOINT WARNING * * *
You hit Slunt's ghost.
Slunt's ghost hits you but does no damage.
You feel better.
Slunt's ghost hits you but does no damage.
You are electrocuted!
* * * LOW HITPOINT WARNING * * *
As you read the scroll labeled QEETIA POFAU, it crumbles to dust.
The creatures around you are filled with an inner flame!
It was a scroll of immolation.
Slunt's ghost hits you.
* * * LOW HITPOINT WARNING * * *
As you read the scroll labeled QYOTZA SYIPT, it crumbles to dust.
It is a scroll of enchant armour.
Your +0 robe glows green for a moment.
Slunt's ghost hits you but does no damage.
As you read the scroll labeled WEM XISSUD, it crumbles to dust.
It is a scroll of amnesia.
Okay, then.
Slunt's ghost hits you.
* * * LOW HITPOINT WARNING * * *
Aim: Slunt's ghost, wielding a weapon of electrocution (heavily damaged, inner flame)
The searing ray misses Slunt's ghost. (Press . to maintain the ray.) Slunt's ghost hits you but does no damage.
The searing ray misses Slunt's ghost.
Slunt's ghost hits you but does no damage.
The searing ray hits Slunt's ghost.
Slunt's ghost hits you.
* * * LOW HITPOINT WARNING * * *
The searing ray hits Slunt's ghost.
You finish channeling your searing ray.
Slunt's ghost hits you.
You die...

...##.###.##.#
♣♣.♣♣.###.##.########
♣♣≈P♣................
♣♣≈♣♣♣...###..#.###......PP P#
♣♣≈♣ ♣........#.# #)......# ..#
♣P≈♣♣♣♣♣♣.......# #..[....##..# #
P≈..♣PP≈P.....#.# #..............
≈.≈≈...≈..###.#.###.............#
♣≈≈≈♣♣♣♣≈.....#.♣W........##..#.#
♣♣≈P♣♣♣♣♣######.###.......##.....
♣♣≈P♣.♣♣.................>.......
♣P.≈♣.#..#.############.#.##.##.
♣♣≈♣♣.#..#.# #.# #.#.##.#
♣P.♣♣.##.#.# #.# #......#
....#.##.#.# #.####.#.##.####
#.#.#....#.#######.>.......W..<[#
#.#.#(.#.#.........#.##.#......).


You could see Slunt's ghost (inner flame).

Vanquished Creatures
  Sigmund (D:2)
  2 scorpions
  A howler monkey (D:5)
  A crimson imp (D:5)
  A hound (D:4)
  3 orc priests
  2 jellies (D:5)
  A centaur skeleton (D:4)
  Natasha (D:2)
  An orc wizard (D:3)
  2 worker ants
  A hound zombie (D:5)
  A worker ant zombie (D:5)
  9 adders
  A shadow imp (D:5)
  3 worms
  A dart slug (D:2)
  3 leopard geckos
  15 orcs
  5 giant cockroaches
  10 goblins
  6 hobgoblins
  7 jackals
  2 quokkas
  A ball python (D:4)
  8 bats
  2 frilled lizards (D:1)
  A jackal skeleton (D:4)
  7 kobolds
  2 quokka skeletons (D:4)
  13 rats
  A spectral orc (D:5)
115 creatures vanquished.

Vanquished Creatures (others)
  6 fulminant prisms
  A fungus (D:5)
7 creatures vanquished.

Grand Total: 122 creatures vanquished

Notes
Turn   | Place    | Note
-------+----------+-------------------------------------------
     0 | D:1      | Jynxie the Demigod Conjurer began the quest for the Orb.
     0 | D:1      | Reached XP level 1. HP: 14/14 MP: 5/5
   153 | D:1      | Reached skill level 4 in Conjurations
   199 | D:1      | Reached XP level 2. HP: 20/20 MP: 4/7
   209 | D:1      | Learned a level 2 spell: Searing Ray
  1166 | D:2      | Reached XP level 3. HP: 26/26 MP: 4/8
  1373 | D:2      | Reached skill level 5 in Conjurations
  1823 | D:2      | Noticed Sigmund
  1928 | D:2      | Killed Sigmund
  1928 | D:2      | Reached skill level 6 in Conjurations
  1928 | D:2      | Reached XP level 4. HP: 30/33 MP: 1/9
  1928 | D:2      | Reached XP level 5. HP: 35/38 MP: 1/10
  2152 | D:3      | Noticed Natasha
  2172 | D:2      | Killed Natasha
  2701 | D:3      | Reached skill level 7 in Conjurations
  2701 | D:3      | Reached XP level 6. HP: 17/45 MP: 2/11
  2968 | D:3      | Learned a level 4 spell: Fulminant Prism
  3180 | D:3      | Found a glowing golden altar of the Shining One.
  3253 | D:3      | Found a shattered altar of Ashenzari.
  4084 | D:4      | Found a hazy altar of Hepliaklqana.
  4542 | D:4      | Reached skill level 8 in Conjurations
  4727 | D:5      | Entered Level 5 of the Dungeon
  4733 | D:5      | Reached XP level 7. HP: 50/50 MP: 5/12
  4798 | D:5      | Reached skill level 1 in Hexes
  4872 | D:5      | Noticed Slunt's ghost (novice OgCK)
  5249 | D:5      | Found a staircase to the Ecumenical Temple.
  5536 | D:5      | Found a basalt altar of Yredelemnul.
  5733 | D:5      | Slain by Slunt's ghost

Vault maps used:
D:1:      dpeg_arrival_radiant, st_stairs_8, minmay_strange_pillars
D:2:      uniq_sigmund
D:3:      ashenzari_conservatory_becter, tso_metal_star, uniq_natasha
D:4:      lemuel_doored_altar
D:5:      yredelemnul_forgotten_temple_becter, minmay_temple_entry_purple_smoke,
          first_ration, minmay_gold_behind_fungi, serial_bayou_crossing

Skill      XL: |  1  2  3  4  5  6  7 |
---------------+----------------------+-----
Conjurations   | 4 6 7 8 |  8.0
Hexes          | 3 |  3.4
Dodging        | |  1.7
Stealth        | |  1.7
Spellcasting   | |  1.7

Action                   |  1- 3 |  4- 6 |  7- 9 || total
-------------------------+-------+-------+-------++-------
Melee: Dagger            |    23 |    14 |    29 ||    66
 Cast: Magic Dart        |    68 |   124 |    55 ||   247
       Searing Ray       |     7 |     2 |     2 ||    11
       Fulminant Prism   |       |     2 |     4 ||     6
  Use: Scroll            |     4 |     1 |     4 ||     9
       Potion            |     4 |       |     4 ||     8
 Stab: Sleeping          |     6 |     1 |       ||     7
  Eat: Chunk             |     3 |    18 |     4 ||    25
       Ration            |       |     1 |       ||     1
Armor: Robe              |     5 |    12 |    10 ||    27
       Skin              |       |       |    10 ||    10
Dodge: Dodged            |    28 |    32 |    30 ||    90

Table legend:
 A = Spawn XP
 B = Non-spawn XP
 C = Spawn XP percentage of total XP
 D = Spawn monster count
 E = Non-spawn monster count
 F = Spawn count percentage of total count
 G = Total turns spent on level
                    A         B        C        D         E        F      G
               +---------+---------+-------+---------+---------+-------+---------
         Total |       0 |    1232 |   0.0 |       0 |     115 |   0.0 |  5733
               +---------+---------+-------+---------+---------+-------+---------
           D:1 |       0 |      34 |   0.0 |       0 |      22 |   0.0 |   983
           D:2 |       0 |     358 |   0.0 |       0 |      26 |   0.0 |  1404
           D:3 |       0 |     142 |   0.0 |       0 |      28 |   0.0 |  1525
           D:4 |       0 |     326 |   0.0 |       0 |      19 |   0.0 |  1052
           D:5 |       0 |     372 |   0.0 |       0 |      20 |   0.0 |   769
               +---------+---------+-------+---------+---------+-------+---------
